 Dungeon Crawl Stone Soup version 0.30.0-5-g1a98f26d00 (webtiles) character file.

Game seed: 8090010032974328005

23 dialectric the Charlatan (level 2, -1/17 HPs)
             Began as an Octopode Wanderer on May 9, 2023.
             Slain by a gnoll
             ... wielding a +0 club
              (6 damage)
             ... on level 2 of the Dungeon.
             The game lasted 00:00:45 (612 turns).

dialectric the Charlatan (Octopode Wanderer)         Turns: 612, Time: 00:00:46

Health: -1/17      AC:  1    Str: 10    XL:     2   Next: 95%
Magic:  3/3        EV: 12    Int: 15    God:
Gold:   86         SH:  0    Dex: 11    Spells: 2/3 levels left

rFire   . . .        a - +2 quarterstaff
rCold   . . .        (shield currently unavailable)
rNeg    . . .        (helmet restricted)
rPois   .            (no amulet)
rElec   .            (no ring)
rCorr   .            (no ring)
SInv    .            (no ring)
Will    .....        (no ring)
Stlth   +++          (no ring)
HPRegen 0.22/turn    (no ring)
MPRegen 0.08/turn    (no ring)
                     (no ring)

%: no passive effects
@: no status effects
A: almost no armour, amphibious, 8 rings, camouflage 1, gelatinous body 1,
(nimble swimmer 1), tentacles
a: no special abilities


You were on level 2 of the Dungeon.
You visited 1 branch of the dungeon, and saw 2 of its levels.

You collected 86 gold pieces.

Inventory:

Hand Weapons
 a - a +2 quarterstaff (weapon)
Jewellery
 e - a ring of fire
Wands
 b - a wand of flame (4)
Scrolls
 d - a scroll of enchant weapon {unknown}
 f - a scroll of fog {unknown}
Potions
 c - 2 potions of haste
 g - 2 potions of curing {unknown}


   Skills:
 + Level 3.4 Staves
 + Level 1.5 Stealth
 - Level 1.0 Spellcasting
 - Level 2.0 Necromancy
 + Level 4.0 Evocations


You had 2 spell levels left.
You knew the following spells:

 Your Spells              Type           Power      Damage    Failure   Level
a - Necrotise             Necr           24%        1d5       11%         1

Your spell library contained the following spells:

 Spells                   Type           Power      Damage    Failure   Level
 Vampiric Draining        Necr           6%         2d6       32%         3
 Dazzling Flash           Conj/Hex       0%         N/A       58%         3
 Volatile Blastmotes      Fire/Tloc      0%         2d10      58%         3
 Iskenderun's Mystic Bla  Conj/Tloc      0%         2d3       94%         4
 Starburst                Conj/Fire      0%         6d3       100%        6


Dungeon Overview and Level Annotations

Branches:
Dungeon (2/15)

Altars:


Innate Abilities, Weirdness & Mutations

You cannot wear most types of armour.
You are amphibious.
You can wear up to eight rings at the same time.
Your skin changes colour to match your surroundings (Stealth+).
Your rubbery body absorbs attacks. (AC +1, EV +1)
((You are camouflaged when in or above water. (Stealth+)))
You have tentacles for arms and can constrict up to eight enemies at once.


Message History

No target in view!
No target in view!
You see here a rat corpse.
g - 2 fizzy purple potions No target in view!
You now have 86 gold pieces (gained 18).
Things that are here:
a rat corpse; a rat corpse
There is an open door here.
There is an open door here.
Done exploring.
Done exploring.
No target in view!
Done exploring.
No target in view!
Done exploring.
No target in view!
(D) Dungeon
Where to? (? - help)
What level of the Dungeon? (default 1, ? - help)
There is a stone staircase leading down here.
You climb downwards.
There is a stone staircase leading up here.
There are monsters nearby!
The gnoll shouts! x3
The gnoll closely misses you.
Unknown command.
There are monsters nearby!
There are monsters nearby!
You barely miss the gnoll. You grab the gnoll. You constrict the gnoll.
The gnoll hits you with a +0 club! The gnoll hits you with a +0 flail.
* * * LOW HITPOINT WARNING * * *
There are monsters nearby!
You are too injured to fight recklessly!
There are monsters nearby!
You are too injured to fight recklessly!
Unknown command.
You release your grip on the gnoll.
The gnoll attacks as you move away! The gnoll hits you with a +0 club.
You die...

### #.. ..
.#
#####g####..
#..<@gg....#
############


You could see 3 gnolls.

Vanquished Creatures
  A dart slug (D:1)
  2 ball pythons (D:1)
  A giant cockroach (D:1)
  2 goblins (D:1)
  4 hobgoblins (D:1)
  2 bats (D:1)
  3 kobolds (D:1)
  7 rats (D:1)
22 creatures vanquished.

Notes
Turn   | Place    | Note
-------+----------+-------------------------------------------
     0 | D:1      | dialectric the Octopode Wanderer began the quest for the
                  | Orb.
     0 | D:1      | dialectric set off with the following items: a +2
                  | quarterstaff, a wand of flame (4), a potion of haste; and
                  | the following spell memorised: Necrotise; and the following
                  | spells available to memorise: Vampiric Draining.
     0 | D:1      | Reached XP level 1. HP: 11/11 MP: 2/2
    85 | D:1      | Reached XP level 2. HP: 9/17 MP: 3/3
   216 | D:1      | Reached skill level 4 in Evocations
   612 | D:2      | Slain by a gnoll

Illustrated notes

Levels and vault maps discovered:
D:1:      dpeg_arrival_ratfight, layout_rooms, chequers_garden, minivault_19,
          grunt_decor_junction, hex_tiny
D:2:      layout_rooms, minmay_tetromino_s4

Skill      XL: |  1  2 |
---------------+-------+-----
Evocations     | 4 |  4.0
Staves         | |  3.4
Stealth        | |  1.5
Spellcasting   | |  1.0
Necromancy     | |  2.0

Action                     || total
---------------------------++-------
  Melee: Quarterstaff      ||    25
         Constrict         ||     9
         Tentacles         ||     3
   Cast: Necrotise         ||     2
   Stab: Sleeping          ||     6
 Armour: Skin              ||     3
  Dodge: Dodged            ||    14
